 Dungeon Crawl Stone Soup version 0.22.1-2-g9c5b331383 (webtiles) character file.

112 megadron1122 the Covered (level 4, 0/40 HPs)
             Began as a Minotaur Fighter on Oct 7, 2018.
             Succumbed to Robin's poison
             ... on level 3 of the Dungeon on Dec 31, 2018.
             The game lasted 00:08:17 (1310 turns).

megadron1122 the Covered (Minotaur Fighter)         Turns: 1310, Time: 00:08:17

Health: 0/40       AC:  7    Str: 22    XL:     4   Next: 63%
Magic:  3/3        EV:  8    Int:  5    God:
Gold:   99         SH:  9    Dex:  9    Spells: 3/3 levels left

rFire    . . .     SeeInvis .   a - +0 war axe
rCold    . . .     Gourm    .   c - +0 shield
rNeg     . . .     Faith    .   b - +0 scale mail
rPois    .         Spirit   .   (helmet restricted)
rElec    .         Reflect  .   (no cloak)
rCorr    .         Harm     .   (no gloves)
MR       .....                  (no boots)
Stlth    ..........             (no amulet)
HPRegen  0.13/turn              (no ring)
MPRegen  0.08/turn              (no ring)

@: lethally poisoned (0 -> -3)
A: retaliatory headbutt, horns 2
a: no special abilities


You were on level 3 of the Dungeon.
You were not hungry.

You visited 1 branch of the dungeon, and saw 3 of its levels.

You collected 99 gold pieces.

Inventory:

Hand Weapons
 a - a +0 war axe (weapon)
Armour
 b - a +0 scale mail (worn)
 c - a +0 shield (worn)
Scrolls
 h - 3 scrolls of remove curse {unknown}
 i - a scroll of random uselessness {unknown}
 j - 2 scrolls of identify {unknown}
 k - a scroll of magic mapping {unknown}
 l - a scroll of teleportation {unknown}
Potions
 d - a potion of might
 e - a potion of haste {unknown}
 g - a potion of heal wounds {unknown}
Comestibles
 f - 3 rations
 m - 7 chunks of flesh


   Skills:
 + Level 4.1 Fighting
 + Level 3.2 Axes
 + Level 4.8 Armour
 + Level 0.7 Dodging
 + Level 0.2 Stealth
 + Level 4.5 Shields


You had 3 spell levels left.
You didn't know any spells.
Your spell library was empty.

Dungeon Overview and Level Annotations

Branches:
Dungeon (3/15)

Altars:


Innate Abilities, Weirdness & Mutations

You reflexively headbutt those who attack you in melee.
You have a pair of horns on your head.


Message History

The hobgoblin hits you but does no damage.
Unknown command.
Unknown command.
You feel sick. The hobgoblin closely misses you. You furiously retaliate!
You headbutt the hobgoblin!
You kill the hobgoblin!
Items here: ! ) [[ a spear of venom; an animal skin; a helmet; a yellow potion Unknown command.
Unknown command.
You feel sick.
Unknown command.
You closely miss the goblin. x2; You block the goblin's attack.
The goblin hits you with a club.
* * * LOW HITPOINT WARNING * * *
The goblin hits you.
* * * LOW HITPOINT WARNING * * *
You closely miss the goblin. Your headbutt misses the goblin.
You hit the goblin.
You die...

#.............###+
#.................
#.................
#.................
....
#...........?.....
....
#.......####......
..... #.......#
#...... ....
#.......# #......
gsg#@......#
#......
#.#ggg..[.#
#......
#.gg†.....+
+......
##.###.......#
#......
.......[†.....#
#......
####.##.#+#####
#...... # #.#
#...... #.#
#####.# #.# #..


You could see 5 goblins.

Vanquished Creatures
  An orc wizard (D:3)
  Robin (D:3)
  An adder (D:3)
  A dart slug (D:2)
  5 leopard geckos
  2 orcs (D:3)
  2 giant cockroaches
  5 goblins
  12 hobgoblins
  6 jackals
  5 bats
  A frilled lizard (D:1)
  2 kobolds
  6 rats
50 creatures vanquished.

Notes
Turn   | Place    | Note
-------+----------+-------------------------------------------
     0 | D:1      | megadron1122 the Minotaur Fighter began the quest for the
                  | Orb.
     0 | D:1      | Reached XP level 1. HP: 19/19 MP: 0/0
   203 | D:1      | Reached XP level 2. HP: 23/27 MP: 1/1
   514 | D:1      | Reached XP level 3. HP: 33/33 MP: 2/2
   752 | D:1      | Upgraded the game from 0.22.1-1-ga44c0e56f4 to
                  | 0.22.1-2-g9c5b331383
  1182 | D:3      | Reached XP level 4. HP: 38/40 MP: 3/3
  1296 | D:3      | Noticed Robin
  1305 | D:3      | Killed Robin
  1309 | D:3      | HP: 1/40 [goblin[Robin] (2)]
  1310 | D:3      | Succumbed to Robin's poison

Skill      XL: |  1  2  3 |
---------------+----------+-----
Armour         | 4 |  4.8
Shields        | 4 |  4.5
Fighting       | 4 |  4.1
Axes           | 3 |  3.2
Dodging        | |  0.7
Stealth        | |  0.2

Action                   |  1- 3 |  4- 6 || total
-------------------------+-------+-------++-------
Melee: War axe           |    79 |    18 ||    97
       Headbutt          |     9 |     2 ||    11
  Eat: Chunk             |       |     1 ||     1
Armor: Scale mail        |    57 |    25 ||    82
Dodge: Dodged            |    38 |    19 ||    57
Block: Shield            |    71 |    18 ||    89
